 Dungeon Crawl Stone Soup version 0.17-a0-1522-g6c5b4ba (webtiles) character file.

1280 urechis the Basher (level 8, -1/92 HPs)
             Began as an Ogre Gladiator on July 14, 2015.
             Slain by an orc priest
             ... wielding a +0 hand axe
              (2 damage)
             ... on level 4 of the Dungeon.
             The game lasted 00:10:50 (5652 turns).

urechis the Basher (Ogre Gladiator)                 Turns: 5652, Time: 00:10:50

Health: -1/92      AC:  5    Str: 23    XL:     8   Next: 54%
Magic:  8/8        EV: 10    Int:  7    God:
Gold:   156        SH:  0    Dex: 10    Spells: 0 memorised, 7 levels left

rFire  . . .     SeeInvis .     a - +0 flail
rCold  . . .     Clarity  .     D - +0 robe
rNeg   + . .     SustAt   .     (no shield)
rPois  .         Gourm    .     (helmet restricted)
rElec  .         Spirit   .     h - +0 cloak
rCorr  .         Warding  +     (gloves unavailable)
rMut   .         Stasis   .     (boots unavailable)
MR     .....                    w - macabre finger necklace {Ward rN+}
Stlth  +.........               (no ring)
                                y - +1 ring of protection
                                (no ring)

@: not resistant to hostile enchantments, very unstealthy
A: unfitting armour, tough skin 1
a: no special abilities


You were on level 4 of the Dungeon.
You were hungry.

You visited 1 branch of the dungeon, and saw 4 of its levels.
You also visited: Ossuary.

You collected 156 gold pieces.

Inventory:

Hand weapons
 a - a +0 flail (weapon)
 b - a +0 blowgun
Missiles
 e - 5 throwing nets (quivered)
 s - a large rock
 C - 26 poisoned needles
Armour
 h - a +0 cloak (worn)
 D - a +0 robe (worn)
Jewellery
 w - the macabre finger necklace (around neck) {Ward rN+}
   (You found it in an ossuary)

   [amulet of warding]

   It may prevent the melee attacks of summoned creatures.
   It protects you from negative energy.
 y - a +1 ring of protection (left hand)
Scrolls
 c - a scroll of enchant weapon {unknown}
 f - 3 scrolls of remove curse
 g - 2 scrolls of teleportation {unknown}
 j - 2 scrolls of amnesia {unknown}
 k - a scroll of noise {unknown}
 p - 2 scrolls of immolation {unknown}
 q - a scroll of recharging {unknown}
 r - 2 scrolls of blinking {unknown}
 B - 5 scrolls of identify {unknown}
Potions
 i - 4 potions of heal wounds
 l - a potion of ambrosia {unknown}
 m - 2 potions of curing
 n - 2 potions of brilliance {unknown}
 o - 2 potions of cancellation {unknown}
 t - a potion of flight {unknown}
 u - a potion of resistance {unknown}
 x - 2 potions of might {unknown}
 E - a potion of mutation {unknown}
 F - 2 potions of lignification {unknown}
 H - a potion of poison {unknown}
 I - a potion of degeneration {unknown}
Comestibles
 d - 2 bread rations
 v - a slice of pizza


   Skills:
 + Level 9.5 Fighting
 + Level 10.1 Maces & Flails
 - Level 2.1 Throwing
 - Level 2.6 Dodging


You had 7 spell levels left.
You didn't know any spells.

Dungeon Overview and Level Annotations

Branches:
Dungeon (4/15)
 Temple: D:4-7

Altars:
Kikubaaqudgha
Qazlal


Innate Abilities, Weirdness & Mutations

You are too large for most types of armour.
You have tough skin (AC +1).


Message History

It was a potion of heal wounds.
You feel much better.
The orc priest hits you with a hand axe.
* * * LOW HITPOINT WARNING * * *
The orc barely misses you. The orc warrior closely misses you.
You hit the orc warrior but do no damage.
The orc warrior is almost dead.
The orc priest hits you with a hand axe.
* * * LOW HITPOINT WARNING * * *
The orc barely misses you.
You hit the orc warrior.
The orc warrior is almost dead.
The orc warrior hits you with a glaive!
* * * LOW HITPOINT WARNING * * *
The orc priest barely misses you. The orc hits you but does no damage.
Drink which item? (? for menu, Esc to quit)
You feel much better.
The orc warrior hits you with a glaive!!
* * * LOW HITPOINT WARNING * * *
The orc priest hits you with a hand axe.
You die...

....###################.......#
....#....#............'.......#
....#....#............#.......#
....#....'............#.......#
....'....#............#.......#
....###+###...#######'#.......#
....#....##...#####....#'####.#
....#.........ooo.#....'......###
....+....o.....#@.'....#.....#...
....#....##..>##o.#....#.....'...
....####'##...##..#....#.....#...
....#.......o..#.......####'##...
....#..(.......'..............###
....'....##+####...####.......#
....#....##..###..## #.......#
....#+#####..+.....# #.......#
..........#..#.....# #########


You could see an orc warrior, an orc priest and 2 orcs.

Vanquished Creatures
  A sky beast (D:4)
  A centaur (D:4)
  11 scorpions (Ossuary)
  3 centaur zombies (Ossuary)
  Crazy Yiuf (D:2)
  Ijyb (D:3)
  A human zombie (Ossuary)
  2 orc wizards (D:4)
  2 worker ants (D:4)
  2 big kobold zombies (Ossuary)
  2 mummies (Ossuary)
  6 gnolls
  3 scorpion zombies (Ossuary)
  5 adders
  An ooze (D:1)
  4 worms
  4 giant geckos
  4 orcs
  2 giant cockroaches
  5 hobgoblins
  4 jackals
  6 kobolds
  2 quokkas
  A ball python (D:1)
  8 bats
  A giant gecko skeleton (D:4)
  2 giant newts
  3 gnoll zombies (Ossuary)
  6 goblins
  A goblin zombie (Ossuary)
  A hobgoblin zombie (Ossuary)
  A jackal zombie (D:4)
  An orc zombie (Ossuary)
  9 rats
107 creatures vanquished.

Vanquished Creatures (others)
  2 scorpions (Ossuary)
  A human zombie (Ossuary)
  A mummy (Ossuary)
  A kobold zombie (Ossuary)
5 creatures vanquished.

Grand Total: 112 creatures vanquished

Notes
Turn   | Place    | Note
--------------------------------------------------------------
     0 | D:1      | urechis the Ogre Gladiator began the quest for the Orb.
     0 | D:1      | Reached XP level 1. HP: 22/22 MP: 1/1
    40 | D:1      | Reached XP level 2. HP: 18/31 MP: 2/2
   564 | D:1      | You fall through a shaft!
   564 | D:2      | Found a stormy altar of Qazlal.
   595 | D:2      | Reached XP level 3. HP: 37/37 MP: 3/3
   678 | D:1      | Reached skill level 5 in Maces & Flails
  1274 | D:2      | Reached XP level 4. HP: 28/48 MP: 4/4
  1460 | D:2      | Noticed Crazy Yiuf
  1465 | D:2      | Killed Crazy Yiuf
  1943 | D:2      | Found a stormy altar of Qazlal.
  2237 | D:3      | Reached XP level 5. HP: 48/55 MP: 5/5
  2255 | D:3      | Reached skill level 6 in Maces & Flails
  2263 | D:3      | Reached skill level 5 in Fighting
  2548 | D:3      | Noticed Ijyb
  2559 | D:3      | Killed Ijyb
  2861 | D:3      | Found an ancient bone altar of Kikubaaqudgha.
  3001 | D:4      | Reached XP level 6. HP: 43/67 MP: 6/6
  3192 | D:4      | Noticed a centaur
  3204 | D:4      | Killed a centaur
  3204 | D:4      | Reached skill level 7 in Maces & Flails
  3260 | D:4      | Found a sand-covered staircase.
  3274 | Ossuary  | Entered an ossuary
  3445 | Ossuary  | HP: 3/68 [scorpion (4)]
  3447 | Ossuary  | Reached XP level 7. HP: 14/78 MP: 7/7
  3745 | Ossuary  | Reached skill level 8 in Maces & Flails
  4467 | Ossuary  | Reached skill level 9 in Maces & Flails
  4509 | Ossuary  | Reached XP level 8. HP: 58/89 MP: 8/8
  4987 | D:4      | Noticed a sky beast
  4995 | D:4      | Killed a sky beast
  5042 | D:4      | Reached skill level 10 in Maces & Flails
  5646 | D:4      | HP: 3/92 [orc warrior/glaive (13)]
  5652 | D:4      | HP: 1/92 [orc warrior/glaive (26)]
  5652 | D:4      | Slain by an orc priest

Vault maps used:
D:1:      dpeg_arrival_water_temple_mockup, feat_on_display
D:2:      grunt_qazlal_sundering, uniq_crazy_yiuf_cottage
D:3:      kiku_gazebo_garden_becter, minmay_misc_feat_chi, minmay_misc_feat_iff,
          uniq_iyjb
D:4:      enter_ossuary_3, st_stairs_6
Ossuary:  ossuary_minmay_scorpions

Action                   |  1- 3 |  4- 6 |  7- 9 || total
-------------------------+-------+-------+-------++-------
Melee: Flail             |    90 |   167 |   208 ||   465
  Use: Potion            |       |     3 |     3 ||     6
       Scroll            |       |       |     2 ||     2
 Stab: Sleeping          |     1 |       |       ||     1
  Eat: Chunk             |     1 |     6 |     1 ||     8
       Meat ration       |       |       |     1 ||     1
       Beef jerky        |       |       |     1 ||     1
